[Event "Titled Tuesday Blitz August 08 Early 2023"]
[White "Miguelitro69"]
[Black "Osiecki, Stanislaw"]
[BlackFideId "1102990"]
[WhiteElo "2240"]
[BlackElo "2018"]
[Result "1-0"]
[Round "8"]
[TimeControl "180+1"]
[Date "2023.08.08"]
[WhiteClock "0:00:18"]
[BlackClock "0:00:03"]
[Board "199"]

1. e4 e6 2. Qe2 c5 3. g3 Nc6 4. Nf3 Nd4 5. Nxd4 cxd4 6. Bg2 g6 7. O-O Bg7 8. d3 Ne7 9. f4 O-O 10. Kh1 d5 11. Nd2 Bd7 12. Nf3 Rc8 13. Ne5 f6 14. Nf3 dxe4 15. Nxd4 exd3 16. cxd3 Qb6 17. Be3 Qa6 18. Nb3 Bb5 19. Rfd1 b6 20. Bg1 Bd7 21. Nd4 b5 22. b4 f5 23. Re1 Rf6 24. Nf3 Nd5 25. a3 Rff8 26. Ne5 Bxe5 27. Qxe5 Nf6 28. Bd4 Rf7 29. h3 Rd8 30. g4 fxg4 31. hxg4 Bc6 32. g5 Bxg2+ 33. Kxg2 Qc6+ 34. Kh3 Qd5 35. gxf6 Qxe5 36. Bxe5 Rxd3+ 37. Kg2 Rd2+ 38. Kf3 Rfd7 39. Re3 Rh2 40. Rc1 h5 41. Ke4 Kh7 42. Rc8 Rd1 43. f7 Rh4 44. Rh8# 1-0


[Site "https://www.chess.com"]

[Event "Titled Tuesday Blitz August 08 Early 2023"]
[White "Clawitter, Craig"]
[Black "AndresDelgado77"]
[WhiteFideId "2023105"]
[WhiteElo "2200"]
[BlackElo "2326"]
[Result "0-1"]
[Round "8"]
[TimeControl "180+1"]
[Date "2023.08.08"]
[WhiteClock "0:00:07"]
[BlackClock "0:00:05"]
[Board "200"]

1. e4 e6 2. d4 d5 3. e5 c5 4. c3 Qb6 5. Nf3 Nc6 6. a3 a5 7. Bd3 Bd7 8. O-O Nh6 9. dxc5 Bxc5 10. c4 dxc4 11. Bxc4 Ng4 12. Nc3 Ncxe5 13. Nxe5 Nxe5 14. Na4 Bxa4 15. Qxa4+ Nc6 16. b4 Bd4 17. Rb1 O-O 18. b5 Ne5 19. Ba2 Nd3 20. Qc2 Rfd8 21. Be3 Bxe3 22. fxe3 Qxe3+ 23. Kh1 Rac8 24. Bc4 Ne5 25. Rbe1 Qd4 26. Re4 Qc5 27. Qe2 Nxc4 28. Rc1 Qxa3 29. Rexc4 Qxc1+ 30. Rxc1 Rxc1+ 0-1


[Site "https://www.chess.com"]

[Event "Titled Tuesday Blitz August 08 Early 2023"]
[White "LLariMarc"]
[Black "cthake"]
[WhiteElo "2286"]
[BlackElo "1829"]
[Result "1-0"]
[Round "8"]
[TimeControl "180+1"]
[Date "2023.08.08"]
[WhiteClock "0:02:00"]
[BlackClock "0:00:15"]
[Board "201"]

1. d4 Nf6 2. Nf3 e6 3. Bg5 Be7 4. e3 d5 5. Nbd2 O-O 6. Bd3 h6 7. Bh4 c5 8. c3 cxd4 9. exd4 Nc6 10. O-O Qb6 11. Qc2 Bd7 12. a3 Rac8 13. Rae1 Na5 14. Ne5 Bb5 15. Re3 Bxd3 16. Nxd3 Qxd4 17. Nf3 Qb6 18. Nfe5 Rfd8 19. Rg3 d4 20. c4 Qc7 21. Rc1 Nc6 22. Nxc6 Qxc6 23. b4 b6 24. Ne5 Qe8 25. f4 Kh8 26. Rf1 Nd7 27. Bxe7 Qxe7 28. Nxd7 Rxd7 29. Qd3 Rcd8 30. Re1 Qf6 31. Re5 Rd6 32. Rf3 a6 33. g3 g6 34. h4 Qf5 35. Rxf5 1-0


[Site "https://www.chess.com"]

[Event "Titled Tuesday Blitz August 08 Early 2023"]
[White "Grigoryan, Meri"]
[Black "LuxLinster"]
[WhiteFideId "13300571"]
[WhiteElo "2159"]
[BlackElo "2264"]
[Result "0-1"]
[Round "8"]
[TimeControl "180+1"]
[Date "2023.08.08"]
[WhiteClock "0:00:15"]
[BlackClock "0:01:33"]
[Board "202"]

1. d4 Nf6 2. Nf3 b6 3. Bf4 Bb7 4. e3 e6 5. Bd3 d5 6. O-O c5 7. c3 Nc6 8. Nbd2 Bd6 9. Ne5 O-O 10. Nxc6 Bxc6 11. Bxd6 Qxd6 12. Nf3 Nd7 13. Rc1 e5 14. dxe5 Nxe5 15. Bb1 Rad8 16. Nxe5 Qxe5 17. Qg4 Rd6 18. Rfe1 Rh6 19. f4 Qe7 20. Re2 Re8 21. Rce1 Bb5 22. Rf2 Re6 23. Qh5 g6 0-1


[Site "https://www.chess.com"]

[Event "Titled Tuesday Blitz August 08 Early 2023"]
[White "Floresvillar Gonzalez, Luis Migu"]
[Black "Schut, Han"]
[WhiteFideId "5100542"]
[BlackFideId "1005561"]
[WhiteElo "2142"]
[BlackElo "2223"]
[Result "0-1"]
[Round "8"]
[TimeControl "180+1"]
[Date "2023.08.08"]
[WhiteClock "0:00:00"]
[BlackClock "0:00:36"]
[Board "203"]

1. d4 Nf6 2. c3 d5 3. Bg5 g6 4. Nd2 Bg7 5. e3 O-O 6. Bd3 b6 7. Qe2 Bb7 8. Bxf6 exf6 9. Ngf3 f5 10. O-O Nd7 11. h4 Re8 12. Qd1 Nf6 13. Ne5 Ne4 14. g3 Bxe5 15. dxe5 Rxe5 16. Nxe4 dxe4 17. Bc4 Bd5 18. Qb3 Bxc4 19. Qxc4 Rd5 20. Qb3 Qd7 21. Rad1 Rd8 22. Rxd5 Qxd5 23. Qa3 a5 24. Qe7 Qd6 25. Qxd6 Rxd6 26. Rb1 Rd2 27. Kf1 Kf8 28. Ke1 Rc2 29. a4 Ke7 30. b4 axb4 31. cxb4 Ra2 32. a5 bxa5 33. bxa5 Rxa5 34. Rb7 Kd6 35. h5 Ra2 36. Rb8 gxh5 37. Rh8 c5 38. Rxh7 Ke6 39. Rxh5 c4 40. Rh6+ f6 41. Rh8 c3 42. Rc8 c2 43. Kd2 c1=Q+ 44. Kxc1 Rxf2 45. Kd1 Rf3 46. Ke2 Rxg3 47. Rc5 Rg2+ 48. Kf1 Ra2 49. Rb5 Rd2 50. Ke1 Rd5 51. Rb6+ Kf7 52. Ke2 Kg6 53. Rb8 Ra5 54. Rg8+ Kf7 55. Rb8 Ra2+ 56. Ke1 Ra6 57. Rb7+ Ke6 58. Rb5 Ra2 59. Kf1 f4 60. exf4 f5 61. Re5+ Kf6 62. Re8 Ra3 63. Ke2 Rf3 64. Rf8+ Ke6 65. Re8+ Kf7 66. Re5 Kf6 0-1


[Site "https://www.chess.com"]

[Event "Titled Tuesday Blitz August 08 Early 2023"]
[White "Kula, Robert"]
[Black "Stangl, Anita, Dr."]
[WhiteFideId "1101218"]
[BlackFideId "4608801"]
[WhiteElo "2220"]
[BlackElo "2131"]
[Result "1-0"]
[Round "8"]
[TimeControl "180+1"]
[Date "2023.08.08"]
[WhiteClock "0:00:16"]
[BlackClock "0:00:18"]
[Board "204"]

1. d4 e6 2. c4 d5 3. Nc3 c6 4. Nf3 dxc4 5. e3 b5 6. a4 Bb4 7. Bd2 a5 8. axb5 Bxc3 9. Bxc3 cxb5 10. d5 Nf6 11. Nd4 exd5 12. Nxb5 O-O 13. Be2 Nc6 14. O-O Be6 15. Nd4 Nb4 16. Bf3 Re8 17. h3 Ne4 18. Bxe4 dxe4 19. Qh5 Qd5 20. Qh4 f6 21. Qg3 Bf7 22. Rfd1 Nd3 23. Ne2 Re6 24. Nf4 Nxf4 25. Rxd5 Ne2+ 26. Kh2 Nxg3 27. Kxg3 a4 28. Rc5 Rd6 29. Rc7 g6 30. h4 f5 31. Kf4 Kf8 32. g4 fxg4 33. Kxg4 Be6+ 34. Kg3 h5 35. Rh7 Raa6 36. Kh2 Bf5 37. Rg1 a3 38. bxa3 Rdb6 39. Bb4+ Kg8 40. Rc7 Rc6 41. Rb7 c3 42. Rd1 c2 43. Rd8# 1-0


[Site "https://www.chess.com"]

[Event "Titled Tuesday Blitz August 08 Early 2023"]
[White "campochess"]
[Black "Nikulina, Alena"]
[BlackFideId "4172051"]
[WhiteElo "2205"]
[BlackElo "2047"]
[Result "0-1"]
[Round "8"]
[TimeControl "180+1"]
[Date "2023.08.08"]
[WhiteClock "0:00:24"]
[BlackClock "0:00:05"]
[Board "205"]

1. d4 d5 2. e4 dxe4 3. Nc3 Nf6 4. Bg5 e6 5. Bxf6 Qxf6 6. Nxe4 Qd8 7. Nf3 b6 8. Ne5 Bd6 9. Qf3 Bxe5 10. dxe5 Qd5 11. c4 Qxe5 12. O-O-O O-O 13. Nf6+ Qxf6 14. Qxa8 Na6 15. Qe4 Qxf2 16. Bd3 f5 17. Qe5 Nc5 18. Bc2 Ba6 19. Rhf1 Qh4 20. Rf4 Qg5 21. Kb1 Qe7 22. Bxf5 Kh8 23. g3 Bxc4 24. Rdd4 Bb5 25. b4 Na4 26. Qxe6 Qg5 27. Qd5 Nc3+ 28. Kb2 Nxd5 29. Rxd5 Qf6+ 30. Kb3 c6 31. Rd7 g6 32. Bg4 Qxf4 33. gxf4 Rxf4 34. Be6 Re4 35. Bf7 Re3+ 36. Kb2 h5 37. Bb3 h4 38. Rxa7 g5 39. a4 Re2+ 40. Kc3 Re3+ 41. Kc2 Bd3+ 42. Kd2 Rh3 43. Rb7 b5 44. a5 g4 45. a6 Be4 46. Re7 Rxh2+ 47. Ke3 Bf3 48. a7 c5 49. bxc5 Re2+ 50. Kd4 Rxe7 51. Bd5 Bxd5 52. Kxd5 Rxa7 53. Kc6 Ra8 54. Kxb5 Rc8 55. c6 g3 56. Kb6 g2 57. Kb7 Rxc6 58. Kxc6 g1=Q 0-1


[Site "https://www.chess.com"]

[Event "Titled Tuesday Blitz August 08 Early 2023"]
[White "sasvathaa"]
[Black "Samarth J Rao"]
[BlackFideId "46652370"]
[WhiteElo "1965"]
[BlackElo "2170"]
[Result "1-0"]
[Round "8"]
[TimeControl "180+1"]
[Date "2023.08.08"]
[WhiteClock "0:00:57"]
[BlackClock "0:00:09"]
[Board "206"]

1. d4 e6 2. Nf3 d5 3. Bg5 Be7 4. Bf4 Bd6 5. Bxd6 Qxd6 6. c3 Nf6 7. Ne5 c5 8. e3 Nc6 9. Bb5 O-O 10. Bxc6 bxc6 11. O-O cxd4 12. exd4 Ne4 13. Nd2 f5 14. Nxe4 fxe4 15. f3 exf3 16. Rxf3 Ba6 17. b3 c5 18. Qe1 cxd4 19. cxd4 Rxf3 20. Nxf3 Rf8 21. Rc1 Rf6 22. Rc5 h6 23. Qc1 Bd3 24. Qd2 Be4 25. Ne5 Rf5 26. Rc8+ Kh7 27. h3 Rg5 28. Nf7 Qg3 29. Nxg5+ hxg5 30. Rc3 Qd6 31. Qxg5 Qa6 32. Qh5+ Kg8 33. Qe8+ Kh7 34. Rc8 Qe2 35. Qg8+ Kh6 36. Qxe6+ Kh7 37. Qg8+ Kh6 38. Qh8+ Kg6 39. Rc6+ Kf7 40. Rc7+ Kg6 41. Qxg7+ Kh5 42. Qh8+ Kg5 43. Rg7+ Kf4 44. Qh6+ Kf5 45. Rf7# 1-0


[Site "https://www.chess.com"]

[Event "Titled Tuesday Blitz August 08 Early 2023"]
[White "Tomb, Maroun"]
[Black "Skiadopoulos, Nikolaos"]
[WhiteFideId "5300398"]
[BlackFideId "4200772"]
[WhiteElo "2496"]
[BlackElo "1876"]
[Result "1-0"]
[Round "8"]
[TimeControl "180+1"]
[Date "2023.08.08"]
[WhiteClock "0:01:20"]
[BlackClock "0:00:00"]
[Board "207"]

1. a3 g6 2. Ra2 d6 3. h4 Be6 4. b3 a5 5. h5 gxh5 6. e3 Nf6 7. Ne2 a4 8. Nf4 axb3 9. cxb3 Bf5 10. Nc3 Bg6 11. Be2 Ra5 12. b4 Rg5 13. g3 e5 14. Nxh5 Nxh5 15. Bxh5 Bxh5 16. Rxh5 Rxh5 17. Qxh5 c6 18. Ne4 Bg7 19. Ng5 Qf6 20. Ke2 h6 21. Ne4 Qe6 22. Rc2 O-O 23. Bb2 Nd7 24. g4 f5 25. gxf5 Rxf5 26. Qg4 d5 27. Rc1 dxe4 28. Rg1 Qf7 29. Rg2 Qh5 30. a4 Qxg4+ 31. Rxg4 Nf6 32. Rh4 Bf8 33. Bc3 Nd5 34. Rxe4 Nxc3+ 35. dxc3 b6 36. a5 bxa5 37. bxa5 Rf7 38. Rxe5 Ra7 39. Kd3 c5 40. f4 Rxa5 41. Kc4 Kf7 42. f5 Kf6 43. Rd5 Be7 44. e4 h5 45. Rd1 h4 46. Rg1 Ke5 47. Rg6 Bf6 48. Rh6 Ra4+ 49. Kxc5 Rxe4 50. c4 Kxf5 51. Kd5 Bg5 52. Rh7 Rg4 53. c5 Bf6 54. c6 Rg1 55. Rh5+ Bg5 56. Rh8 Rc1 57. Rf8+ 1-0


[Site "https://www.chess.com"]

[Event "Titled Tuesday Blitz August 08 Early 2023"]
[White "Seifert, Henryk"]
[Black "Steindl, Johannes"]
[WhiteFideId "1100963"]
[BlackFideId "1643266"]
[WhiteElo "2018"]
[BlackElo "2369"]
[Result "1-0"]
[Round "8"]
[TimeControl "180+1"]
[Date "2023.08.08"]
[WhiteClock "0:00:07"]
[BlackClock "0:00:00"]
[Board "208"]

1. e4 c5 2. Nf3 e6 3. c3 d5 4. exd5 Qxd5 5. d4 Nc6 6. Na3 cxd4 7. Nb5 Qd8 8. Bf4 e5 9. Nxe5 Qf6 10. Nc7+ Kd8 11. Nxa8 Qxf4 12. Nxc6+ bxc6 13. Qa4 Qe5+ 14. Be2 d3 15. O-O-O Qxe2 16. Qa5+ Ke8 17. Rhe1 Be7 18. Rxe2 dxe2 19. Nc7+ Kf8 20. Re1 g6 21. Rxe2 Bd6 22. Qxa7 Bf5 23. Qa8+ Kg7 24. Qxc6 Bf4+ 25. Kd1 Nf6 26. Ke1 Rd8 27. f3 Bd3 28. Kf2 Bxe2 29. Kxe2 Rd2+ 30. Ke1 Rxb2 31. Ne8+ 1-0


[Site "https://www.chess.com"]

[Event "Titled Tuesday Blitz August 08 Early 2023"]
[White "abelmat"]
[Black "Ghosh, Chanchal Kumer"]
[BlackFideId "10201858"]
[WhiteElo "1905"]
[BlackElo "2085"]
[Result "0-1"]
[Round "8"]
[TimeControl "180+1"]
[Date "2023.08.08"]
[WhiteClock "0:00:54"]
[BlackClock "0:01:44"]
[Board "209"]

1. d4 d5 2. c4 e6 3. Nf3 Nf6 4. Nc3 b6 5. cxd5 exd5 6. Bg5 Bb7 7. e3 Bd6 8. Bd3 a6 9. O-O h6 10. Rc1 hxg5 11. Ne5 Qe7 12. f4 gxf4 13. exf4 Ne4 14. Qg4 Nd7 15. Rce1 Ndf6 16. Qe2 g6 17. f5 Bxe5 18. dxe5 Qxe5 19. g3 gxf5 20. a4 Kf8 21. Qf3 Bc8 22. Ne2 Nd2 23. Qg2 Qe3+ 24. Kh1 Qxd3 25. Nf4 Qd4 0-1


[Site "https://www.chess.com"]

[Event "Titled Tuesday Blitz August 08 Early 2023"]
[White "Martinez Alcantara, Jose Eduardo"]
[Black "Caruana, Fabiano"]
[WhiteFideId "3805662"]
[BlackFideId "2020009"]
[WhiteElo "3046"]
[BlackElo "3106"]
[Result "1-0"]
[Round "9"]
[TimeControl "180+1"]
[Date "2023.08.08"]
[WhiteClock "0:00:31"]
[BlackClock "0:00:03"]
[Board "1"]

1. e4 c5 2. Nf3 Nc6 3. c3 Nf6 4. Bd3 d5 5. e5 Nd7 6. Bb5 Nb6 7. h3 Bd7 8. Bxc6 Bxc6 9. d4 e6 10. O-O Be7 11. Nbd2 Nd7 12. Re1 Rc8 13. Nf1 O-O 14. Ng3 cxd4 15. Nxd4 Nc5 16. Bf4 Bg5 17. Bxg5 Qxg5 18. Re3 Kh8 19. Qg4 Qg6 20. Rae1 Bd7 21. Nh5 Ne4 22. f3 Nc5 23. Nf4 Qxg4 24. hxg4 g6 25. Nh3 Kg7 26. g5 h6 27. gxh6+ Kxh6 28. Nf2 Kg7 29. Ng4 Rh8 30. Nf6 Kf8 31. b4 Ke7 32. bxc5 Rxc5 33. Kf2 Rhc8 34. Rb1 b6 35. Rc1 Ra5 36. Rc2 Ba4 37. Rc1 Bd7 38. Nxd7 Rxa2+ 39. Re2 Rxe2+ 40. Kxe2 Kxd7 41. Kd3 Rh8 42. Ra1 a5 43. Rb1 Kc7 44. Nb5+ Kc6 45. Nd4+ Kc7 46. c4 dxc4+ 47. Kxc4 Rh2 48. Rb2 Kb7 49. Nb5 Kc6 50. Rd2 Rh4+ 51. g4 Rh1 52. Rd6+ Kb7 53. Rd7+ Kb8 54. Nd6 Rb1 55. Rxf7 a4 56. Nb5 Re1 57. Nd4 a3 58. Kb3 Re3+ 59. Ka2 Kc8 60. f4 Kd8 61. Nb5 g5 62. fxg5 Rxe5 63. g6 1-0


[Site "https://www.chess.com"]

[Event "Titled Tuesday Blitz August 08 Early 2023"]
[White "Matlakov, Maxim"]
[Black "Firouzja, Alireza"]
[WhiteFideId "4168003"]
[BlackFideId "12573981"]
[WhiteElo "3010"]
[BlackElo "3100"]
[Result "0-1"]
[Round "9"]
[TimeControl "180+1"]
[Date "2023.08.08"]
[WhiteClock "0:00:05"]
[BlackClock "0:00:32"]
[Board "2"]

1. d4 Nf6 2. c4 e6 3. Nf3 d5 4. g3 Bb4+ 5. Bd2 Bd6 6. Bg2 c6 7. O-O O-O 8. Qc2 Nbd7 9. b3 Ne4 10. Bc1 f5 11. a4 a5 12. Ba3 Bb4 13. Ne1 Ndf6 14. Nd3 Bxa3 15. Nxa3 dxc4 16. Nxc4 Qxd4 17. Rad1 Nd5 18. Nde5 Qc3 19. Bxe4 fxe4 20. Qxe4 Qxb3 21. Nd6 Qb4 22. Ndc4 Nc3 23. Qe3 Nxd1 24. Rxd1 Qxa4 25. Rd4 Qc2 26. Rg4 b5 27. Nb6 Rb8 28. Kg2 Rxb6 29. Qxb6 Qxe2 30. Qc7 Rxf2+ 31. Kh3 Rxh2# 0-1


[Site "https://www.chess.com"]

[Event "Titled Tuesday Blitz August 08 Early 2023"]
[White "Andreikin, Dmitry"]
[Black "Lazavik, Denis"]
[WhiteFideId "4158814"]
[BlackFideId "13515110"]
[WhiteElo "3007"]
[BlackElo "3053"]
[Result "1/2-1/2"]
[Round "9"]
[TimeControl "180+1"]
[Date "2023.08.08"]
[WhiteClock "0:00:24"]
[BlackClock "0:00:19"]
[Board "3"]

1. d4 Nf6 2. c4 e6 3. Nf3 d5 4. Bg5 dxc4 5. e4 b5 6. a4 c6 7. Nc3 b4 8. Nb1 Be7 9. Bxf6 Bxf6 10. Bxc4 O-O 11. O-O Bb7 12. e5 Be7 13. Qe2 c5 14. Rd1 cxd4 15. Nxd4 Qc7 16. Nd2 Nc6 17. Nxc6 Qxc6 18. Nf3 Rfd8 19. Bb5 Qc7 20. h3 g6 21. Rac1 Qb6 22. b3 Rac8 23. Bc4 Kg7 24. Rxd8 Rxd8 25. Rd1 Rxd1+ 26. Qxd1 Bc5 27. Qd2 Qc7 28. Qf4 Be7 29. Ng5 Bd8 30. Ne4 Bxe4 31. Qxe4 Be7 32. g3 Bc5 33. Kg2 Qd7 34. Qd3 Qxd3 35. Bxd3 1/2-1/2


[Site "https://www.chess.com"]

[Event "Titled Tuesday Blitz August 08 Early 2023"]
[White "Grischuk, Alexander"]
[Black "Sjugirov, Sanan"]
[WhiteFideId "4126025"]
[BlackFideId "4189302"]
[WhiteElo "3046"]
[BlackElo "2943"]
[Result "1/2-1/2"]
[Round "9"]
[TimeControl "180+1"]
[Date "2023.08.08"]
[WhiteClock "0:00:12"]
[BlackClock "0:00:08"]
[Board "4"]

1. d4 Nf6 2. Nf3 e6 3. c4 b6 4. g3 Bb7 5. Bg2 Bb4+ 6. Bd2 c5 7. Bxb4 cxb4 8. O-O O-O 9. Qb3 Qe7 10. Nbd2 a5 11. a3 Na6 12. Ne1 Bxg2 13. Nxg2 e5 14. dxe5 Qxe5 15. Ne3 Rfe8 16. Rfd1 Qc5 17. Nf3 Re4 18. Rd3 Rae8 19. Rad1 Qh5 20. axb4 Nxb4 21. Rd6 Qc5 22. Qc3 Rxe3 23. fxe3 Ne4 24. Qd4 Nxd6 25. Qxc5 bxc5 26. Rxd6 Rxe3 27. Rxd7 f6 28. Kf2 Rb3 29. Rd2 Nc6 30. e3 a4 31. Ne1 Ne5 32. Rc2 Kf7 33. h3 Ke6 34. Ke2 Kf5 35. Nf3 Nxf3 36. Kxf3 Ke6 37. g4 Ke5 38. Rd2 Ke6 39. Rd5 Rxb2 40. Rxc5 a3 41. Ra5 a2 42. Ke4 g6 43. Kd4 Kd6 44. Ra6+ Kc7 45. Kc3 Re2 46. Kd3 Rh2 47. Kd4 Kd7 48. Kd5 Kc7 49. Kc5 Kd7 50. Kd5 Rd2+ 51. Kc5 f5 52. gxf5 gxf5 53. h4 Rh2 54. Kb4 Re2 55. Kc5 Ke7 56. Kd4 h5 57. Ke5 Rxe3+ 58. Kxf5 Re2 59. c5 Kd7 60. Kg5 Re5+ 61. Kg6 Rxc5 62. Rxa2 Ke7 63. Rf2 Rd5 64. Rg2 Kf8 65. Rg5 Rxg5+ 66. Kxg5 Kg7 67. Kxh5 Kh7 68. Kg5 Kh8 69. h5 Kh7 70. h6 Kh8 71. Kh5 Kh7 72. Kg5 Kh8 73. Kg6 Kg8 74. h7+ Kh8 75. Kh6 1/2-1/2


[Site "https://www.chess.com"]

[Event "Titled Tuesday Blitz August 08 Early 2023"]
[White "Carlsen, Magnus"]
[Black "Le, Tuan Minh"]
[WhiteFideId "1503014"]
[BlackFideId "12401153"]
[WhiteElo "3241"]
[BlackElo "2983"]
[Result "1-0"]
[Round "9"]
[TimeControl "180+1"]
[Date "2023.08.08"]
[WhiteClock "0:00:35"]
[BlackClock "0:00:03"]
[Board "5"]

1. d4 d5 2. Bf4 Nf6 3. e3 c5 4. c3 Qb6 5. Qb3 Nc6 6. Nd2 e6 7. Ngf3 Nh5 8. Qxb6 axb6 9. Bc7 c4 10. Bxb6 Nf6 11. Be2 Nd7 12. Bc7 b5 13. O-O f5 14. a3 Be7 15. Ne5 Ncxe5 16. Bxe5 Kf7 17. f4 Nb6 18. Nf3 Bd7 19. Bd1 Rhf8 20. Bc2 Kg8 21. Kf2 Na4 22. Rab1 g6 23. Rg1 Kf7 24. g4 Ke8 25. h4 Kd8 26. h5 Be8 27. hxg6 Bxg6 28. g5 Kd7 29. Rh1 Rf7 30. Ke1 Kc6 31. Kd2 Kb6 32. b3 cxb3 33. Rxb3 Ra5 34. Bd3 Rf8 35. Bf6 Bd6 36. Rh6 Kc6 37. Be5 Be7 38. Nh4 Rg8 39. Nxg6 hxg6 40. Rh7 Re8 41. Rg7 Nb6 42. Rxg6 Nc4+ 43. Ke2 Bxa3 44. Bxf5 Bc1 45. Bxe6 Ra2+ 46. Kd1 Rea8 47. e4 Ne3+ 48. Kxc1 Ra1+ 49. Rb1 1-0


[Site "https://www.chess.com"]

[Event "Titled Tuesday Blitz August 08 Early 2023"]
[White "Fedoseev, Vladimir"]
[Black "Isanzhulov, Arystan"]
[WhiteFideId "24130737"]
[BlackFideId "13711644"]
[WhiteElo "3087"]
[BlackElo "2880"]
[Result "1-0"]
[Round "9"]
[TimeControl "180+1"]
[Date "2023.08.08"]
[WhiteClock "0:00:18"]
[BlackClock "0:00:05"]
[Board "6"]

1. Nf3 Nf6 2. g3 g6 3. Bg2 Bg7 4. O-O O-O 5. d3 d6 6. e4 e5 7. Nc3 Nc6 8. h3 h6 9. Nh2 Nh5 10. Ng4 Kh7 11. Ne3 Nd4 12. a4 a5 13. Nb5 Ne6 14. Nf5 gxf5 15. Qxh5 f4 16. Nc3 c6 17. Ne2 Qg5 18. Qf3 Qg6 19. gxf4 exf4 20. Bxf4 Bxb2 21. Bxd6 Rg8 22. Qf5 Bxa1 23. Qxg6+ Rxg6 24. Rxa1 Ng5 25. Bg3 Nxh3+ 26. Kh2 Ng5 27. f4 Ne6 28. f5 Rg5 29. fxe6 Bxe6 30. Bf4 Rh5+ 31. Kg1 Rg8 32. Kf2 Bd7 33. c4 Bg4 34. Ng3 Rh4 35. Bd6 Be6 36. Rb1 Rd8 37. Be7 Rf4+ 38. Ke3 Rg4 39. Bxd8 Rxg3+ 40. Bf3 Bg4 41. Rf1 Bh3 42. Rf2 Rg1 43. Bxa5 Ra1 44. Rh2 Be6 45. Bc7 Rxa4 46. Bf4 Ra3 47. Rxh6+ Kg7 48. Kd4 c5+ 49. Kxc5 Rxd3 50. Be2 Rc3 51. Be5+ Kxh6 52. Bxc3 Bd7 53. Kd6 Bc6 54. e5 Kg5 55. c5 Kf5 56. Bc4 1-0


[Site "https://www.chess.com"]

[Event "Titled Tuesday Blitz August 08 Early 2023"]
[White "Yeletsky, Ivan"]
[Black "Erigaisi Arjun"]
[WhiteFideId "24180327"]
[BlackFideId "35009192"]
[WhiteElo "2876"]
[BlackElo "3084"]
[Result "1-0"]
[Round "9"]
[TimeControl "180+1"]
[Date "2023.08.08"]
[WhiteClock "0:00:47"]
[BlackClock "0:00:59"]
[Board "7"]

1. e4 e6 2. d4 g6 3. h4 Nf6 4. e5 Nd5 5. h5 g5 6. h6 d6 7. Nf3 Be7 8. Nc3 Nxc3 9. bxc3 g4 10. exd6 cxd6 11. Nh2 f5 12. g3 Qc7 13. Bg2 Qxc3+ 14. Bd2 Qc4 15. c3 Nd7 16. Nf1 Nb6 17. Ne3 Qc7 18. c4 O-O 19. Rc1 Bf6 20. c5 dxc5 21. dxc5 Nd7 22. c6 bxc6 23. Rxc6 Qe5 24. Bc3 Qxc3+ 25. Rxc3 Bxc3+ 26. Kf1 Rb8 27. Kg1 Rb2 28. Nc4 Rxa2 29. Qb3 Ra1+ 30. Kh2 Rxh1+ 31. Kxh1 Bd4 32. Nd6 Nc5 33. Qc4 Bxf2 34. Qf4 Nd3 35. Qg5+ 1-0


[Site "https://www.chess.com"]

[Event "Titled Tuesday Blitz August 08 Early 2023"]
[White "Ibarra Jerez, Jose Carlos"]
[Black "Aronian, Levon"]
[WhiteFideId "2226332"]
[BlackFideId "13300474"]
[WhiteElo "2857"]
[BlackElo "3042"]
[Result "1/2-1/2"]
[Round "9"]
[TimeControl "180+1"]
[Date "2023.08.08"]
[WhiteClock "0:00:11"]
[BlackClock "0:00:07"]
[Board "8"]

1. e4 c5 2. Nf3 e6 3. d3 Nc6 4. g3 g6 5. Bg2 Bg7 6. O-O Nge7 7. c3 O-O 8. d4 d6 9. d5 exd5 10. exd5 Nb8 11. c4 Nd7 12. Nc3 Nb6 13. Qb3 h6 14. a4 Nf5 15. a5 Nd7 16. Bf4 g5 17. Bd2 g4 18. Ne1 Nd4 19. Qd1 Ne5 20. b3 Qf6 21. Ne4 Qg6 22. Bc3 f5 23. Bxd4 cxd4 24. Nd2 f4 25. Be4 Qh5 26. Ng2 f3 27. Nh4 Bf6 28. Kh1 Bxh4 29. gxh4 Qxh4 30. Qe1 Bf5 31. Rg1 Rae8 32. Bxf5 Rxf5 33. Rg3 Kf8 34. Qe4 Rh5 35. h3 Re7 36. Qxd4 Qg5 37. Rag1 Rf7 38. c5 Rf4 39. Qc3 Qh4 40. Nf1 Qe7 41. c6 bxc6 42. dxc6 Qc7 43. Ne3 Qxc6 44. Qxc6 Nxc6 45. Kh2 Nd4 46. Rxg4 Ne2 47. Rxf4+ Nxf4 48. Rg3 Ne6 49. Rxf3+ Ke7 50. Rf5 Rg5 51. Rxg5 hxg5 52. Nd5+ Kd7 53. Kg3 Kc6 54. Ne7+ Kc5 55. Kg4 d5 56. Nf5 d4 57. Ng3 d3 58. Kf5 Nd4+ 59. Kxg5 Nxb3 60. Nf1 d2 61. Nxd2 Nxd2 62. h4 Kd6 63. Kf6 Ne4+ 64. Kf7 Nxf2 65. h5 Ng4 66. Kg6 Ke6 67. h6 Nf6 68. h7 Nxh7 69. Kxh7 Kd5 70. Kg6 Kc5 71. Kf5 Kb5 72. Ke4 Kxa5 73. Kd3 Kb4 74. Kc2 a5 75. Kb1 a4 76. Ka1 a3 77. Kb1 Kb3 78. Ka1 a2 1/2-1/2


[Site "https://www.chess.com"]

[Event "Titled Tuesday Blitz August 08 Early 2023"]
[White "Rasulov, Vugar"]
[Black "Paravyan, David"]
[WhiteFideId "13402390"]
[BlackFideId "4194985"]
[WhiteElo "2843"]
[BlackElo "3030"]
[Result "1/2-1/2"]
[Round "9"]
[TimeControl "180+1"]
[Date "2023.08.08"]
[WhiteClock "0:00:14"]
[BlackClock "0:00:03"]
[Board "9"]

1. d4 d5 2. c4 e6 3. Nf3 Nf6 4. g3 Be7 5. Bg2 O-O 6. Qc2 c5 7. dxc5 Qa5+ 8. Nbd2 dxc4 9. Qxc4 Qxc5 10. O-O Nc6 11. Qxc5 Bxc5 12. b3 e5 13. Nc4 e4 14. Ng5 Bg4 15. Nxe4 Nxe4 16. Bxe4 Bxe2 17. Re1 Bxc4 18. bxc4 Rfe8 19. Kf1 Nd4 20. Rb1 a5 21. Rxb7 Bb4 22. Rxb4 axb4 23. Bxa8 Rxa8 24. Bb2 Nf3 25. Rd1 f6 26. c5 Rxa2 27. c6 Rxb2 28. c7 Rc2 29. Rd8+ Kf7 30. c8=Q Rxc8 31. Rxc8 Nxh2+ 32. Ke2 Ng4 33. Rb8 Ne5 34. Rxb4 Kg6 35. f3 h5 36. Ra4 Kf5 37. Ra5 g5 38. Rb5 Kg6 39. Ke3 Nc4+ 40. Kd3 Nd6 41. Rd5 Nf5 42. g4 hxg4 43. fxg4 Nh6 44. Rd4 Kf7 45. Ra4 Kg6 46. Ke3 Nf7 47. Kf3 Ne5+ 48. Kg3 Nf7 49. Re4 Nh6 50. Kf3 Nf7 51. Ke3 Nh6 52. Kd4 Nf7 53. Kd5 Nh6 54. Ke6 Nf7 55. Ra4 Nh6 56. Rb4 Kg7 57. Ke7 Ng8+ 58. Ke8 Nh6 59. Ke7 Ng8+ 60. Ke6 Nh6 61. Rc4 Kg6 62. Ke7 Kg7 63. Ke8 Kg8 64. Rb4 Kg7 65. Rb7+ Kg6 66. Rb4 Nxg4 67. Rxg4 f5 68. Rg1 f4 69. Ke7 Kf5 70. Kd6 f3 71. Kd5 Kf4 72. Kd4 f2 73. Ra1 g4 74. Ra8 Kf3 75. Rf8+ Ke2 76. Re8+ Kd2 77. Rf8 Ke2 78. Re8+ Kd2 79. Rf8 g3 80. Rf3 Ke2 81. Re3+ Kd2 82. Rf3 Ke2 83. Re3+ Kd1 84. Rd3+ Kc1 85. Rc3+ Kb1 86. Rb3+ Kc1 87. Rc3+ Kd1 88. Rd3+ Kc1 89. Rc3+ 1/2-1/2


[Site "https://www.chess.com"]

[Event "Titled Tuesday Blitz August 08 Early 2023"]
[White "Mitrabha, Guha"]
[Black "Kramnik, Vladimir"]
[WhiteFideId "5057000"]
[BlackFideId "4101588"]
[WhiteElo "2832"]
[BlackElo "2995"]
[Result "1-0"]
[Round "9"]
[TimeControl "180+1"]
[Date "2023.08.08"]
[WhiteClock "0:00:54"]
[BlackClock "0:00:00"]
[Board "10"]

1. Nf3 c5 2. g3 Nf6 3. Bg2 g6 4. b3 Bg7 5. Bb2 O-O 6. c4 Nc6 7. O-O d6 8. d4 Ne4 9. Nbd2 Bf5 10. e3 cxd4 11. Nxd4 Nxd2 12. Qxd2 Bd7 13. Rac1 Rc8 14. Rfd1 a6 15. h4 Nxd4 16. Bxd4 Bc6 17. Bxg7 Kxg7 18. Qb2+ f6 19. Bh3 Bf3 20. Rd4 Rc5 21. b4 Re5 22. c5 d5 23. a4 g5 24. b5 axb5 25. axb5 Be4 26. hxg5 Rxg5 27. Bg2 Bxg2 28. Kxg2 e6 29. c6 bxc6 30. bxc6 Rf7 31. Rb4 d4 32. Rxd4 Qc8 33. Qb6 Qc7 34. Qxc7 Rxc7 35. Rb4 Kg6 36. Rb7 Rxb7 37. cxb7 Rb5 38. Rc7 h5 39. Kf3 Rb4 40. Ke2 Kf5 41. f3 e5 42. Re7 Rb3 43. Kd2 e4 44. fxe4+ Kg4 45. Kc2 Rb5 46. Rg7+ Kf3 47. Kd3 Rb4 48. Kc3 Rb6 49. Kd4 Rb5 50. Kc4 Rb1 51. Kd5 Kxe3 52. Re7 Rd1+ 53. Ke6 1-0


[Site "https://www.chess.com"]